 Dungeon Crawl Stone Soup version 0.21.1-1-g345015f (webtiles) character file.

244 tidbits the Insei (level 6, -3/47 HPs)
             Began as a Gnoll Transmuter on Feb 19, 2018.
             Killed by divine providence
             ... invoked by an orc priest
              (14 damage)
             ... on level 4 of the Dungeon.
             The game lasted 00:05:09 (495 turns).

tidbits the Insei (Gnoll Transmuter)                 Turns: 495, Time: 00:05:11

Health: -3/47      AC:  2    Str: 12    XL:     6   Next: 10%
Magic:  11/13      EV: 14    Int: 18    God:
Gold:   87         SH:  5    Dex: 15    Spells: 9/15 levels left

rFire    . . .     SeeInvis .   f - +0 dagger
rCold    . . .     Gourm    .   D - +1 buckler {reflect}
rNeg     . . .     Faith    .   b - +0 robe
rPois    .         Spirit   .   (no helmet)
rElec    .         Reflect  +   (no cloak)
rCorr    .         Harm     .   (no gloves)
MR       .....                  (no boots)
Stlth    ++........             (no amulet)
HPRegen  0.15/turn              (no ring)
MPRegen  0.13/turn              (no ring)

@: appendage (expiring)
A: distributed training, fangs 1, horns 2, strong nose
a: End Transformation


You were on level 4 of the Dungeon.
You were full.
You had grown temporary horns.
You visited 1 branch of the dungeon, and saw 4 of its levels.

You collected 87 gold pieces.

Inventory:

Hand Weapons
 f - a +0 dagger (weapon)
 k - a +0 hunting sling
 m - a +0 long sword
Missiles
 a - 21 arrows
 h - 28 bolts
Armour
 b - a +0 robe (worn)
 g - a +0 ring mail
 D - a +1 buckler of reflection (worn)
   (You found it on level 2 of the Dungeon)
Scrolls
 e - 2 scrolls of remove curse {unknown}
 i - a scroll of immolation {unknown}
 n - a scroll of identify {unknown}
 p - a scroll of fog {unknown}
Potions
 j - a potion of berserk rage {unknown}
 l - a potion of mutation {unknown}
 o - a potion of haste {unknown}
Books
 c - a book of Changes

   Spells                             Type                      Level
   a - Beastly Appendage              Transmutation                1
   b - Sticks to Snakes               Transmutation                2
   c - Spider Form                    Transmutation/Poison         3
   d - Ice Form                       Ice/Transmutation            4
   e - Blade Hands                    Transmutation                5
Comestibles
 d - 2 rations


   Skills:
 + Level 3.1 Fighting
 + Level 1.7 Short Blades
 + Level 1.7 Long Blades
 + Level 1.7 Axes
 + Level 1.7 Maces & Flails
 + Level 1.7 Polearms
 + Level 1.7 Staves
 + Level 1.7 Slings
 + Level 1.7 Bows
 + Level 1.7 Crossbows
 + Level 1.7 Throwing
 + Level 1.7 Armour
 + Level 4.9 Dodging
 + Level 1.7 Stealth
 + Level 1.7 Shields
 + Level 6.7 Unarmed Combat
 + Level 5.3 Spellcasting
 + Level 1.3 Conjurations
 + Level 1.3 Hexes
 + Level 1.3 Charms
 + Level 1.3 Summonings
 + Level 1.3 Necromancy
 + Level 1.3 Translocations
 + Level 4.0 Transmutations
 + Level 1.3 Fire Magic
 + Level 1.3 Ice Magic
 + Level 1.3 Air Magic
 + Level 1.3 Earth Magic
 + Level 1.3 Poison Magic
 + Level 2.0 Invocations
 + Level 1.7 Evocations


You had 9 spell levels left.
You knew the following spells:

 Your Spells              Type           Power        Failure   Level  Hunger
e - Beastly Appendage     Tmut           ###...       3%          1    None
k - Sticks to Snakes      Tmut           ###.....     4%          2    #......
p - Spider Form           Tmut/Pois      ##........   17%         3    ##.....


Dungeon Overview and Level Annotations

Branches:
Dungeon (4/15)
 Temple: D:4-7

Altars:
Dithmenos


Innate Abilities, Weirdness & Mutations

Your experience applies equally to all skills.
You have very sharp teeth.
Your uncanny sense of smell can sniff out nearby items.
You have a pair of horns on your head.


Message History

o - a sapphire potion Your transformation is almost over.
You see here a scroll labeled VAHEZXIDGHY.
p - a scroll labeled VAHEZXIDGHY
Found 13 gold pieces.
An orc comes into view. It is wielding a short sword.
An orc priest and an orc wizard come into view.
Your transformation has ended.
Your +0 dagger unmelds from your body.
Your +1 buckler of reflection unmelds from your body.
Your +0 robe unmelds from your body.
The orc shouts!
The orc wizard shouts!
Found a scroll labeled TISEUR KIACEEDOEKK.
An orc comes into view. It is wielding a flail.
The orc shouts!
Found a stone staircase leading down.
The orc priest mumbles some strange prayers to Beogh against you.
Pain shoots through your body!
Casting: Spider Form
Confirm with . or Enter, or press ? or * to list all spells.
You grow a pair of large bovine horns.
Casting: Beastly Appendage
Confirm with . or Enter, or press ? or * to list all spells.
You create a snake!
You now have 21 arrows.
You swap places.
The orc wizard gestures at you while chanting.
The magic dart hits you! The orc wizard casts a spell at you.
The puff of frost hits you!
Firing (i - inventory): No suitable missiles.
Press: ? - help, Shift-Dir - straight line, f - orc wizard
Aim: an orc wizard, wielding a dagger and wearing a robe
Okay, then.
The orc wizard barely misses you.
You hit the orc wizard but do no damage.
You headbutt the orc wizard.
You bite the orc wizard, but do no damage.
The orc wizard is moderately wounded.
You hit the orc wizard but do no damage.
The orc wizard is moderately wounded.
Your ball python closely misses the orc wizard.
Your ball python grabs the orc wizard.
Your ball python constricts the orc wizard.
You hit the orc wizard.
The orc wizard is severely wounded.
The orc wizard hits you with a dagger.
Your ball python bites the orc wizard but does no damage.
Your ball python constricts the orc wizard.
You hit the orc wizard.
The orc wizard is severely wounded.
Your ball python bites the orc wizard but does no damage.
Your ball python constricts the orc wizard.
The orc wizard hits you with a dagger. The orc hits you with a short sword.
* * * LOW HITPOINT WARNING * * *
You hit the orc wizard but do no damage.
You headbutt the orc wizard.
The orc wizard is almost dead.
Your ball python bites the orc wizard.
The orc wizard dies!
Your Invocations skill increases to level 2!
You have reached level 6!
Your experience leads to an increase in your attributes!
Increase (S)trength, (I)ntelligence, or (D)exterity?
You feel clever.
Your ball python looks stronger.
You hit the orc. You bite the orc, but do no damage.
The orc is heavily wounded.
Your ball python bites the orc.
Your ball python grabs the orc.
Your ball python constricts the orc.
The orc hits you but does no damage.
The orc priest invokes the aid of Beogh against you.
Beogh smites you!
* * * LOW HITPOINT WARNING * * *
You hit the orc.
You kill the orc!
You block the orc's attack.
You hit the orc but do no damage. You bite the orc, but do no damage.
Your transformation is almost over.
Your ball python bites the orc but does no damage.
Your ball python closely misses the orc.
The orc closely misses you.
You hit the orc but do no damage.
Your ball python bites the orc but does no damage.
Your ball python closely misses the orc.
The orc barely misses your ball python.
You barely miss the orc. Your headbutt misses the orc.
You bite the orc, but do no damage.
Your ball python bites the orc.
Your ball python barely misses the orc.
The orc misses you.
You hit the orc. Your headbutt misses the orc.
The orc is heavily wounded.
Your ball python bites the orc but does no damage.
Your ball python barely misses the orc.
The orc priest calls upon Beogh to heal the orc.
The orc's wounds heal themselves!
You hit the orc but do no damage. You headbutt the orc, but do no damage.
Your ball python bites the orc but does no damage.
Your ball python grabs the orc.
Your ball python constricts the orc.
The orc misses your ball python.
The orc priest invokes the aid of Beogh against you.
Beogh smites you!
You die...

.......#...#.#####
.#####.#.........#
.# ###.#.........#
(# #.............#
.# #.##.#..#.....#
.#
#.......#.....##
♣###.####......#
#...........#
##..##....@S# #..
#.####o# #. #.#
#o####
..#+####....#
......?.###.#
..o....o# ..
.....o..# ##
......$.#
........#


You could see an orc priest, an orc and a friendly ball python.

Vanquished Creatures
  A sky beast (D:4)
  A hound (D:4)
  A worker ant (D:4)
  A hound skeleton (D:4)
  An adder (D:2)
  An ooze (D:1)
  2 worms
  A dart slug (D:2)
  An orc (D:4)
  2 giant cockroaches (D:1)
  5 goblins
  3 hobgoblins
  8 jackals (D:2)
  2 frilled lizards (D:2)
  3 kobolds
  6 rats
39 creatures vanquished.

Vanquished Creatures (collateral kills)
  An orc wizard (D:4)
  An ooze (D:2)
2 creatures vanquished.

Grand Total: 41 creatures vanquished

Notes
Turn   | Place    | Note
-------+----------+-------------------------------------------
     0 | D:1      | tidbits the Gnoll Transmuter began the quest for the Orb.
     0 | D:1      | Reached XP level 1. HP: 17/17 MP: 6/6
    58 | D:1      | Reached XP level 2. HP: 23/23 MP: 5/7
    62 | D:1      | Learned a level 2 spell: Sticks to Snakes
   174 | D:2      | Reached XP level 3. HP: 13/28 MP: 9/9
   208 | D:1      | Reached skill level 5 in Spellcasting
   218 | D:1      | Learned a level 3 spell: Spider Form
   238 | D:2      | Found a shadowy altar of Dithmenos.
   267 | D:2      | Reached skill level 1 in Invocations
   331 | D:2      | Reached skill level 1 in Short Blades
   331 | D:2      | Reached skill level 1 in Long Blades
   331 | D:2      | Reached skill level 1 in Axes
   331 | D:2      | Reached skill level 1 in Maces & Flails
   331 | D:2      | Reached skill level 1 in Polearms
   331 | D:2      | Reached skill level 1 in Staves
   331 | D:2      | Reached skill level 1 in Slings
   331 | D:2      | Reached skill level 1 in Bows
   331 | D:2      | Reached skill level 1 in Crossbows
   331 | D:2      | Reached skill level 1 in Throwing
   331 | D:2      | Reached skill level 1 in Armour
   331 | D:2      | Reached skill level 1 in Stealth
   331 | D:2      | Reached skill level 1 in Shields
   331 | D:2      | Reached skill level 1 in Evocations
   342 | D:2      | Reached XP level 4. HP: 23/34 MP: 7/11
   423 | D:4      | Reached skill level 1 in Conjurations
   423 | D:4      | Reached skill level 1 in Hexes
   423 | D:4      | Reached skill level 1 in Charms
   423 | D:4      | Reached skill level 1 in Summonings
   423 | D:4      | Reached skill level 1 in Necromancy
   423 | D:4      | Reached skill level 1 in Translocations
   423 | D:4      | Reached skill level 1 in Fire Magic
   423 | D:4      | Reached skill level 1 in Ice Magic
   423 | D:4      | Reached skill level 1 in Air Magic
   423 | D:4      | Reached skill level 1 in Earth Magic
   423 | D:4      | Reached skill level 1 in Poison Magic
   425 | D:4      | Reached XP level 5. HP: 35/40 MP: 12/12
   447 | D:4      | Noticed a sky beast
   454 | D:4      | Killed a sky beast
   454 | D:4      | Reached skill level 3 in Fighting
   454 | D:4      | Reached skill level 4 in Transmutations
   488 | D:4      | Reached skill level 2 in Invocations
   488 | D:4      | Reached XP level 6. HP: 22/47 MP: 10/13
   495 | D:4      | Killed from afar by an orc priest

Skill      XL: |  1  2  3  4  5 |
---------------+----------------+-----
Spellcasting   | 5 |  5.3
Invocations    | 1 2 |  2.0
Short Blades   | 1 |  1.7
Long Blades    | 1 |  1.7
Axes           | 1 |  1.7
Maces & Flails | 1 |  1.7
Polearms       | 1 |  1.7
Staves         | 1 |  1.7
Slings         | 1 |  1.7
Bows           | 1 |  1.7
Crossbows      | 1 |  1.7
Throwing       | 1 |  1.7
Armour         | 1 |  1.7
Stealth        | 1 |  1.7
Shields        | 1 |  1.7
Evocations     | 1 |  1.7
Conjurations   | 1 |  1.3
Hexes          | 1 |  1.3
Charms         | 1 |  1.3
Summonings     | 1 |  1.3
Necromancy     | 1 |  1.3
Translocations | 1 |  1.3
Fire Magic     | 1 |  1.3
Ice Magic      | 1 |  1.3
Air Magic      | 1 |  1.3
Earth Magic    | 1 |  1.3
Poison Magic   | 1 |  1.3
Fighting       | 3 |  3.1
Transmutations | 4 |  4.0
Dodging        | |  4.9
Unarmed Combat | |  6.7

Action                   |  1- 3 |  4- 6 || total
-------------------------+-------+-------++-------
Melee: Unarmed           |    88 |    22 ||   110
       Headbutt          |     9 |     6 ||    15
       Kick              |     6 |       ||     6
       Bite              |     6 |     6 ||    12
       Dagger            |       |    13 ||    13
 Cast: Beastly Appendage |    14 |     3 ||    17
       Sticks to Snakes  |     2 |     1 ||     3
       Spider Form       |       |     1 ||     1
 Stab: Sleeping          |     2 |     1 ||     3
  Eat: Ration            |     1 |       ||     1
Armor: Robe              |     5 |     1 ||     6
Dodge: Dodged            |    34 |    20 ||    54
Block: Buckler           |    10 |     4 ||    14

Table legend:
 A = Turns spent in this place as a percentage of turns spent in the entire game.
 B = Non-inter-level travel turns spent in this place as a percentage of non-inter-level travel turns spent in the entire game.
 C = Inter-level travel turns spent in this place as a percentage of turns spent in this place.
 D = Turns resting spent in this place as a percentage of non-inter-level travel turns spent in this place.
 E = Turns spent auto-exploring this place as a percentage of non-inter-level travel turns spent in this place.
 F = Non-inter-level travel turns spent in this place divided by the number of levels of this place that you've seen.
                   A       B       C       D       E      F
               +-------+-------+-------+-------+-------+----------------------
         Total | 100.0 | 100.0 |   0.0 |   0.0 |   0.0 | 123.8
       Dungeon | 100.0 | 100.0 |   0.0 |   0.0 |   0.0 | 123.8
               +-------+-------+-------+-------+-------+----------------------

Table legend:
 A = Kills in this place as a percentage of kills in entire the game.
 B = Kills by you in this place as a percentage of kills by you in the entire game.
 C = Kills by friends in this place as a percentage of kills by friends in the entire game.
 D = Other kills in this place as a percentage of other kills in the entire game.
 E = Experience gained in this place as a percentage of experience gained in the entire game.
 F = Experience gained in this place divided by the number of levels of this place that you have seen.
                   A       B       C       D       E      F
               +-------+-------+-------+-------+-------+----------------------
         Total | 100.0 | 100.0 | 100.0 |   N/A | 100.0 |  87.2
       Dungeon | 100.0 | 100.0 | 100.0 |   N/A | 100.0 |  87.2
               +-------+-------+-------+-------+-------+----------------------

Vault maps used:
D:1:      shiori_arrival_elements
D:2:      old_standard_altar, grunt_dithmenos_smoke, kennysheep_generic_room_8
D:4:      first_ration, nicolae_ossuary_entry_catacombs, serial_forest,
          infiniplex_forest_clump_diagonal, infiniplex_forest_straight_2,
          infiniplex_forest_straight_3, infiniplex_forest_lined_ring,
          infiniplex_forest_clump_diagonal, infiniplex_forest_zigzag_2,
          infiniplex_forest_lined_1, infiniplex_forest_clump_long,
          trog_butcher_becter
